 Dungeon Crawl Stone Soup version 0.24-a0-350-g5b3daab8ba (webtiles) character file.

Game seed: 6404493890170288613

64 TheOvate the Conjurer (level 4, -6/24 HPs)
             Began as a Kobold Conjurer on May 23, 2019.
             Mangled by Sigmund
             ... wielding a +0 scythe
              (14 damage)
             ... on level 4 of the Dungeon.
             The game lasted 00:07:43 (2233 turns).

TheOvate the Conjurer (Kobold Conjurer)             Turns: 2233, Time: 00:07:43

Health: -6/24      AC:  4    Str:  2 (5)  XL:     4   Next: 32%
Magic:  5/17       EV: 15    Int: 14 (17) God:
Gold:   114        SH:  0    Dex: 14 (15) Spells: 3/9 levels left

rFire    . . .     SeeInvis .   n - +4 dagger
rCold    . . .     Gourm    .   (shield restricted)
rNeg     . . .     Faith    .   a - +0 robe
rPois    .         Spirit   .   (no helmet)
rElec    .         Reflect  .   b - +1 cloak
rCorr    .         Harm     .   (no gloves)
MR       .....                  (no boots)
Stlth    ++........             (no amulet)
HPRegen  0.08/turn              j - ring of magical power
MPRegen  0.15/turn              (no ring)

@: no status effects
A: small, carnivore
a: no special abilities


You were on level 4 of the Dungeon.
You were completely stuffed.

You visited 1 branch of the dungeon, and saw 4 of its levels.

You collected 114 gold pieces.

Inventory:

Hand Weapons
 n - a +4 dagger (weapon)
Armour
 a - a +0 robe (worn)
 b - a +1 cloak (worn)
Jewellery
 j - a ring of magical power (left hand)
Scrolls
 f - 2 scrolls of remove curse
 g - a scroll of amnesia
Potions
 d - a potion of flight {unknown}
 h - a potion of mutation {unknown}
 i - a potion of brilliance {unknown}
 k - a potion of agility {unknown}
 m - a potion of invisibility {unknown}
Comestibles
 c - 6 rations
 o - a chunk of flesh


   Skills:
 + Level 2.8 Dodging
 + Level 3.2 Stealth
 + Level 3.0 Spellcasting
 + Level 4.8 Conjurations


You had 3 spell levels left.
You knew the following spells:

 Your Spells              Type           Power        Failure   Level  Hunger
a - Magic Dart            Conj           ###.         3%          1    #......
b - Searing Ray           Conj           ###...       4%          2    ##.....
c - Dazzling Spray        Conj/Hex       #.....       24%         3    ###....

Your spell library contained the following spells:

 Spells                   Type           Power        Failure   Level  Hunger
 Iskenderun's Mystic Bla  Conj           ###.....     28%         4    #####..
 Force Lance              Conj/Tloc      #.......     61%         4    #####..
 Fulminant Prism          Conj/Hex       #.........   61%         4    #####..


Dungeon Overview and Level Annotations

Branches:
Dungeon (3/15)

Altars:
Hepliaklqana
Sif Muna

Annotations:
D:4 Sigmund


Innate Abilities, Weirdness & Mutations

You are small and have problems with some larger weapons.
You are carnivorous and can eat meat at any time.


Message History

The magic dart hits Sigmund.
Sigmund is severely wounded.
Casting: Magic Dart (safe; 3% risk of failure)
Confirm with . or Enter, or press ? or * to list all spells.
Aiming: Magic Dart (safe; 3% risk of failure)
Press: ? - help, Shift-Dir - straight line, f/p - Sigmund
Aim: Sigmund, wielding a +0 scythe and wearing a +0 robe (severely wounded)
The magic dart hits Sigmund.
Sigmund is almost dead.
Sigmund closely misses you.
Casting: Magic Dart (safe; 3% risk of failure)
Confirm with . or Enter, or press ? or * to list all spells.
Aiming: Magic Dart (safe; 3% risk of failure)
Press: ? - help, Shift-Dir - straight line, f/p - Sigmund
Aim: Sigmund, wielding a +0 scythe and wearing a +0 robe (almost dead)
The magic dart hits Sigmund.
Sigmund is almost dead.
Sigmund hits you from afar with a +0 scythe!
Ouch! That really hurt!
You die...

*,* *,* ***** *,* *,,,*
*,* *,,,* ***,* *.,,*
,,*,* *..,#######
,,,,*****...#.....##
,,,,,,,,,.........>#
*,,,,,,,,.......@..#
**,,***,*...#......#
,**,,,,,*,,,###.@#.#
****,****,,,* ##.#.#
,,,,,* ***** #...#
,,,,,* ##..#
*,*,,***********#..#****
,,,,,,,,,,*,,,,,....,,,*
*,,,,****,*,***##..#**,*


You could see Sigmund.

Vanquished Creatures
  2 adders (D:2)
  2 worms (D:2)
  4 giant cockroaches
  5 goblins (D:2)
  9 hobgoblins
  2 jackals (D:1)
  6 bats (D:1)
  A frilled lizard (D:1)
  5 kobolds
  2 rats
38 creatures vanquished.

Notes
Turn   | Place    | Note
-------+----------+-------------------------------------------
     0 | D:1      | TheOvate the Kobold Conjurer began the quest for the Orb.
     0 | D:1      | Reached XP level 1. HP: 10/10 MP: 3/3
   358 | D:1      | Reached XP level 2. HP: 14/15 MP: 0/5
   616 | D:1      | Learned a level 2 spell: Searing Ray
   938 | D:1      | Reached XP level 3. HP: 15/19 MP: 0/6
  1361 | D:2      | Found a hazy altar of Hepliaklqana.
  1681 | D:2      | Learned a level 3 spell: Dazzling Spray
  1750 | D:2      | Reached XP level 4. HP: 24/24 MP: 8/8
  1788 | D:2      | Found a deep blue altar of Sif Muna.
  2211 | D:3      | You fall into a shaft and drop 1 floor!
  2212 | D:4      | Noticed Sigmund
  2233 | D:4      | Mangled by Sigmund

Levels and vault maps discovered:
D:1:      psy_arrival_basics, layout_loops_corners
D:2:      layout_loops_cross, old_standard_altar, lemuel_blue_sif_altar
D:3:      layout_basic
D:4:      layout_basic, old_standard_altar, gup_ossuary_entry_pyramid,
          hangedman_decor_push, uniq_sigmund

Skill      XL: |  1  2  3  4 |
---------------+-------------+-----
Stealth        | 3 |  3.2
Spellcasting   | 3 |  3.0
Dodging        | |  2.8
Conjurations   | |  4.8

Action                   |  1- 3 |  4- 6 || total
-------------------------+-------+-------++-------
Melee: Unarmed           |    30 |       ||    30
       Dagger            |     5 |     6 ||    11
 Cast: Magic Dart        |    67 |    20 ||    87
       Searing Ray       |     1 |     1 ||     2
  Use: Scroll            |     3 |     1 ||     4
       Potion            |       |     1 ||     1
 Stab: Sleeping          |       |     1 ||     1
  Eat: Chunk             |     8 |     5 ||    13
Armor: Robe              |    14 |     3 ||    17
Dodge: Dodged            |    49 |    11 ||    60

Table legend:
 A = Non-vault XP
 B = Vault XP
 C = Vault XP percentage of total XP
 D = Non-vault monster count
 E = Vault monster count
 F = Vault count percentage of total count
                 A         B        C        D         E       F
            +---------+---------+-------+---------+---------+-------
      Total |      92 |       0 |   0.0 |      38 |       0 |   0.0
            +---------+---------+-------+---------+---------+-------
        D:1 |      34 |       0 |   0.0 |      21 |       0 |   0.0
        D:2 |      56 |       0 |   0.0 |      16 |       0 |   0.0
        D:3 |       2 |       0 |   0.0 |       1 |       0 |   0.0
            +---------+---------+-------+---------+---------+-------
